 Dungeon Crawl Stone Soup version 0.29.0 (webtiles) character file.

Game seed: 11430756562318729042

116 Orban the Trooper (level 5, 0/34 HPs)
             Began as a Gargoyle Berserker on Sept 1, 2022.
             Was a Believer of Trog.
             Slain by a gnoll
             ... wielding a +0 club
              (1 damage)
             ... on level 2 of the Dungeon.
             The game lasted 00:02:34 (2218 turns).

Orban the Trooper (Gargoyle Berserker)              Turns: 2218, Time: 00:02:35

Health: 0/34       AC:  6    Str: 22    XL:     5   Next: 1%
Magic:  5/5        EV: 12    Int:  8    God:    Trog [**....]
Gold:   42         SH:  0    Dex:  9    Spells: 4/4 levels left

rFire   . . .      SeeInvis .   a - +0 mace
rCold   . . .      Faith    .   (no shield)
rNeg    + + .      Spirit   .   b - +0 animal skin
rPois   ∞          Reflect  .   (no helmet)
rElec   +          Harm     .   (no cloak)
rCorr   .          Rampage  .   (no gloves)
Will    .....                   (no boots)
Stlth   +.........              (no amulet)
HPRegen 0.11/turn               c - ring of positive energy
MPRegen 0.09/turn               (no ring)

@: hasted, very quick
A: sickness immunity, AC +4, negative energy resistance 1, electricity
resistance, torment resistance 1, petrification resistance
a: Renounce Religion, Berserk, Trog's Hand


You were on level 2 of the Dungeon.
You worshipped Trog.
Trog was pleased with you.
You visited 1 branch of the dungeon, and saw 2 of its levels.

You collected 42 gold pieces.

Inventory:

Hand Weapons
 a - a +0 mace (weapon)
Armour
 b - a +0 animal skin (worn)
Jewellery
 c - a ring of positive energy (left hand)
Wands
 n - a wand of polymorph (7)
 p - a wand of light (9)
Scrolls
 d - 4 scrolls of identify {unknown}
 g - a scroll of summoning {unknown}
 l - 2 scrolls of torment {unknown}
 m - a scroll of immolation {unknown}
 r - a scroll of butterflies {unknown}
Potions
 e - a potion of ambrosia {unknown}
 f - a potion of flight {unknown}
 h - a potion of degeneration {unknown}
 i - a potion of heal wounds {unknown}
 j - a potion of resistance {unknown}
 k - a potion of berserk rage {unknown}
 o - 2 potions of curing {unknown}


   Skills:
 + Level 4.4 Fighting
 + Level 4.4 Maces & Flails
 + Level 2.4 Armour
 + Level 1.9 Dodging
 + Level 0.1 Unarmed Combat


You had 4 spell levels left.
You didn't know any spells.
Your spell library was empty.

Dungeon Overview and Level Annotations

Branches:
Dungeon (2/15)

Altars:

Shops:
D:2 (


Innate Abilities, Weirdness & Mutations

You are immune to sickness and miasma.
Your stone body is resilient. (AC +4)
You are immune to poison.
You resist negative energy. (rN+)
You are resistant to electric shocks. (rElec)
You are resistant to unholy torment.
You are immune to petrification.


Message History

A gnoll comes into view. It is wielding a +0 whip.
The gnoll shouts!
A gnoll is nearby!
A gnoll comes into view. It is wielding a +0 club.
The gnoll shouts!
A gnoll comes into view. It is wielding a +0 flail.
The gnoll shouts!
The gnoll closely misses you.
You closely miss the gnoll. You hit the gnoll.
The gnoll is heavily wounded.
The gnoll closely misses you. The gnoll hits you but does no damage.
You hit the gnoll.
The gnoll is severely wounded.
The gnoll hits you with a +0 club.
You hit the gnoll.
The gnoll is severely wounded.
The gnoll closely misses you. The gnoll hits you with a +0 whip.
You hit the gnoll but do no damage.
The gnoll is severely wounded.
The gnoll hits you with a +0 club. The gnoll hits you with a +0 flail.
The gnoll closely misses you.
You closely miss the gnoll.
The gnoll is severely wounded.
The gnoll hits you with a +0 club. The gnoll closely misses you. x2
You fail to use your ability.
The gnoll closely misses you. The gnoll hits you with a +0 flail.
The gnoll hits you with a +0 whip.
* * * LOW HITPOINT WARNING * * *
Unknown command.
Unknown command.
The gnoll attacks as you move away! The gnoll misses you.
The gnoll attacks as you move away! The gnoll barely misses you.
The gnoll hits you with a +0 whip.
* * * LOW HITPOINT WARNING * * *
You open the door. The gnoll hits you with a +0 club.
* * * LOW HITPOINT WARNING * * *
The gnoll misses you.
There is an open door here.
You feel yourself speed up. The gnoll hits you with a +0 club.
You die...

########## #........
#........ #.......
#....... #.....#
#.....#########
#....g##......#
#...gg@....##.####
#.....##.#.##....###
######...#.###'#...#
#.###.# #.###.# #..
..###.###.#
#####.+..∩..+.#
#####.##### #.# ##'#


You could see 3 gnolls.

Vanquished Creatures
  Natasha (thrice) (D:2)
  An adder (D:2)
  A dart slug (D:2)
  4 bats (D:1)
  2 endoplasms
  2 giant cockroaches (D:1)
  2 goblins (D:1)
  4 hobgoblins
  2 quokkas (D:1)
  2 ball pythons (D:1)
  A frilled lizard (D:2)
  6 kobolds
  4 rats
34 creatures vanquished.

Notes
Turn   | Place    | Note
-------+----------+-------------------------------------------
     0 | D:1      | Orban the Gargoyle Berserker began the quest for the Orb.
     0 | D:1      | Reached XP level 1. HP: 14/14 MP: 1/1
   391 | D:1      | Reached XP level 2. HP: 18/19 MP: 2/2
  1140 | D:2      | Noticed Natasha
  1146 | D:2      | Killed Natasha
  1147 | D:2      | Reached XP level 3. HP: 21/24 MP: 3/3
  1318 | D:2      | Noticed Natasha
  1327 | D:2      | Killed Natasha
  1327 | D:2      | Reached ** piety under Trog
  1328 | D:2      | Reached XP level 4. HP: 20/29 MP: 4/4
  1665 | D:2      | Noticed Natasha
  1677 | D:2      | Killed Natasha
  1744 | D:2      | Found a faded altar of an unknown god.
  1855 | D:2      | Reached XP level 5. HP: 27/34 MP: 5/5
  2115 | D:2      | Identified the +7 dagger of Xezubi {venom, +Blink rElec
                  | rC+}
  2177 | D:2      | Found Menol's Weapon Boutique.
  2216 | D:2      | HP: 1/34 [gnoll/+0 club (1)]
  2218 | D:2      | Slain by a gnoll

Illustrated notes

Levels and vault maps discovered:
D:1:      sevenhm_arrival_forest_fort_small_6, layout_rooms,
          minmay_misc_feat_encased, moated_statue, interstate_on_off
D:2:      layout_basic, hellmonk_ecumenical_altar_run_dry, serial_shops,
          nicolae_shop_hallway_plus, uniq_natasha

Skill      XL: |  1  2  3 |
---------------+----------+-----
Fighting       | 4 |  4.4
Maces & Flails | 4 |  4.4
Armour         | |  2.4
Dodging        | |  1.9
Unarmed Combat | |  0.1

Action                   |  1- 3 |  4- 6 || total
-------------------------+-------+-------++-------
Melee: Mace              |    72 |    38 ||   110
       Punch             |     1 |     1 ||     2
       Unarmed           |     4 |     9 ||    13
Invok: Berserk           |     2 |     1 ||     3
  Use: Potion            |       |     1 ||     1
 Stab: Confused          |       |     1 ||     1
Armor: Animal skin       |    35 |    13 ||    48
       Skin              |     1 |     1 ||     2
Dodge: Dodged            |    62 |    37 ||    99
